 Dungeon Crawl Stone Soup version 0.23.2-1-ga50397a6bc (webtiles) character file.

Game seed: 15754688306297969119

22661 Foic the Grappler (level 12, -4/122 HPs)
             Began as a Troll Monk on May 14, 2019.
             Killed from afar by a fire dragon (38 damage)
             ... with a blast of flame
             ... on level 13 of the Dungeon.
             The game lasted 00:46:47 (10760 turns).

Foic the Grappler (Troll Monk)                     Turns: 10760, Time: 00:46:48

Health: -4/122     AC: 12    Str: 22    XL:     12   Next: 65%
Magic:  11/11      EV: 16    Int:  8    God:
Gold:   386        SH:  0    Dex: 19    Spells: 11/11 levels left

rFire    . . .     SeeInvis .     - Unarmed
rCold    . . .     Gourm    +   (no shield)
rNeg     + . .     Faith    .   Y - +0 troll leather armour
rPois    .         Spirit   .   (helmet restricted)
rElec    .         Reflect  .   a - +2 cloak {+Inv}
rCorr    .         Harm     .   (gloves unavailable)
MR       .....                  (boots unavailable)
Stlth    ++........             (no amulet)
HPRegen  1.10/turn              d - ring of positive energy
MPRegen  0.12/turn              K - +3 ring of dexterity

@: no status effects
A: large, unfitting armour, claws 3, talons 1, clever 1, fast metabolism 3,
gourmand, regeneration 1, shaggy fur 1, tough skin 3
a: Evoke Invisibility


You were on level 13 of the Dungeon.
You were completely stuffed.

You visited 4 branches of the dungeon, and saw 16 of its levels.

You collected 626 gold pieces.
You spent 240 gold pieces at shops.

Inventory:

Hand Weapons
 C - the +3 whip "Douhin" {elec, rF+ rC+ MR+ Int-4}
   (You found it on level 8 of the Dungeon)

   Occasionally, upon striking a foe, it will discharge some electrical energy
   and cause terrible harm.
   It affects your intelligence (-4).
   It protects you from fire.
   It protects you from cold.
   It affects your resistance to hostile enchantments.
 D - a +2 mace of protection
 W - a +6 flail of freezing
Missiles
 c - 4 javelins (quivered)
 f - 275 stones
 k - 6 curare-tipped needles
 y - 21 tomahawks
 E - 5 large rocks
 P - 4 tomahawks of dispersal
 U - 3 needles of frenzy
 V - 21 poisoned needles
Armour
 a - a +2 cloak of invisibility (worn)
 h - +0 fire dragon scales
 I - a +1 helmet
 Y - a +0 troll leather armour (worn)
Jewellery
 d - a ring of positive energy (left claw)
 e - a cursed ring of attention
 m - a +4 ring of intelligence
 p - an uncursed ring of poison resistance
 x - an uncursed ring of magical power
 K - a +3 ring of dexterity (right claw)
 R - an uncursed amulet of magic regeneration
 X - a cursed ring of teleportation
Wands
 n - a wand of digging (3)
 z - a wand of disintegration (13)
 B - a wand of acid (13)
 F - a wand of flame (31)
 J - a wand of random effects (28)
 M - a wand of iceblast (8)
 N - a wand of polymorph (3)
Scrolls
 g - 4 scrolls of identify
 j - 10 scrolls of remove curse
 q - a scroll of fog
 r - 3 scrolls of enchant armour
 s - a scroll of teleportation
 u - 4 scrolls of enchant weapon
 w - 2 scrolls of amnesia
 A - 3 scrolls of immolation
 H - a scroll of holy word {unknown}
 L - a scroll of magic mapping
Potions
 i - 6 potions of curing
 l - a potion of might
 o - 2 potions of lignification
 v - 2 potions of flight
 G - a potion of haste
 T - 2 potions of brilliance
Comestibles
 b - 25 rations
 t - 2 chunks of flesh


   Skills:
 * Level 8.5 Fighting
 + Level 0.2 Maces & Flails
 + Level 2.1 Throwing
 + Level 5.0 Armour
 * Level 8.6 Dodging
 - Level 1.0 Stealth
 + Level 14.8 Unarmed Combat


You had 11 spell levels left.
You didn't know any spells.
Your spell library contained the following spells:

 Spells                   Type           Power        Failure   Level  Hunger
 Sting                    Conj/Pois      #...         45%         1    ##.....
 Poisonous Vapours        Pois/Air       #.....       58%         2    ###....
 Mephitic Cloud           Conj/Pois/Air  #.......     83%         3    ####...
 Olgreb's Toxic Radiance  Pois           #.......     99%         4    #####..
 Venom Bolt               Conj/Pois      #.........   100%        5    ######.


Dungeon Overview and Level Annotations

Branches:
Dungeon (13/15)            Temple (1/1) D:6            Lair (1/6) D:8
    Orc (1/2) D:9
 Vaults: D:13-14

Altars:
Ashenzari
Cheibriados
Dithmenos
Elyvilon
Fedhas
Gozag
Hepliaklqana
Kikubaaqudgha
Makhleb
Nemelex Xobeh
Okawaru
Qazlal
Ru
Sif Muna
Trog
Uskayaw
Vehumet
Wu Jian
Xom
Yredelemnul
Zin
The Shining One

Shops:
D:8 [   Orc:1 :


Innate Abilities, Weirdness & Mutations

You are too large for most types of armour.
You have claws for hands.
Your metabolism is lightning-fast.
You like to eat raw meat.
Your natural rate of healing is unusually fast.
You are covered in fur. (AC +1)
You have extremely tough skin. (AC +3)
You have sharp toenails.
Your mind is acute. (Int +2)


Message History

The centaur warrior moves out of view.
Things that are here:
a +0 shortbow; 13 arrows; a scroll labeled CIDAMEYMIK
Things that are here:
a cursed -2 hand axe; a +0 robe You mangle the fire dragon!!
Your kick misses the fire dragon.
The fire dragon is moderately wounded.
The fire dragon closely misses you. The fire dragon claws you!
The fire dragon tramples you!
You stumble backwards!
You closely miss the fire dragon.
You claw the fire dragon, but do no damage.
The fire dragon is moderately wounded.
The fire dragon barely misses you. The fire dragon claws you.
The fire dragon tramples you!
You hold your ground!
The meliai calls down the wrath of its god upon you.
Something smites you!
* * * LOW HITPOINT WARNING * * *
The fire dragon breathes flames at you. The blast of flame hits you!!!
You die... #.## ... ###'### #..p(y## #.##.##.## #yc

##u## #+# #...
##D##.. #$...
#.#.# #:[.⌠
##@.# ## #$...
#.#.##.# ##..!
#.##).# ##
.####'### ..##
.# #.#)#.## ...#
.#
#.#.#.#.##...#
##
#.#.#.#.#.##..#
#.#.#.#.#.#.#..#
##.#.#.#.#.##..#


You could see a fire dragon, a green ugly thing and a meliai.

Vanquished Creatures
  Harold (D:7)
  Erica (D:8)
  A centaur warrior (D:13)
  2 two-headed ogres (D:10)
  3 skeletal warriors
  2 ugly things
  2 manticores
  2 cyclopes
  A spiny frog (Lair:1)
  3 trolls
  A meliai (shapeshifter) (D:12)
  A hornet (D:10)
  A meliai (D:13)
  Prince Ribbit (D:8)
  A queen bee (D:12)
  3 blink frogs (Lair:1)
  2 hippogriffs (D:12)
  2 shadows
  20 yaks
  3 wraiths
  Grum (Lair:1)
  2 wargs (D:8)
  A soldier ant (D:12)
  3 sky beasts
  3 ice beasts
  4 orc warriors
  A necrophage (D:9)
  2 phantoms
  A black bear (D:7)
  10 ogres
  4 wolves (D:8)
  6 centaurs
  2 crocodiles
  3 big kobolds
  12 bullfrogs
  A water moccasin zombie (D:6)
  A wyvern skeleton (D:8)
  8 scorpions
  31 killer bees
  3 howler monkeys
  7 wights (D:11)
  6 electric eels (D:9)
  7 crimson imps
  3 jellies
  A bullfrog zombie (D:10)
  A quasit (D:11)
  10 orc priests
  3 bullfrog skeletons
  7 hounds
  6 iguanas
  18 orc wizards
  8 worker ants
  2 hound skeletons
  A worker ant zombie (D:5)
  10 adders
  A howler monkey skeleton (D:4)
  4 shadow imps
  An adder zombie (D:3)
  2 adder skeletons
  4 worms
  3 dart slugs
  3 leopard geckos
  45 orcs
  2 ball pythons
  7 bats
  7 giant cockroaches
  2 goblins
  4 hobgoblins
  8 jackals
  22 kobolds
  2 quokkas
  A ball python skeleton (D:4)
  3 frilled lizards
  A quokka skeleton (D:4)
  5 rats
369 creatures vanquished.

Notes
Turn   | Place    | Note
-------+----------+-------------------------------------------
     0 | D:1      | Foic the Troll Monk began the quest for the Orb.
     0 | D:1      | Reached XP level 1. HP: 22/22 MP: 0/0
    40 | D:1      | Found a shattered altar of Ashenzari.
   139 | D:1      | Reached XP level 2. HP: 26/29 MP: 1/1
   669 | D:2      | Reached XP level 3. HP: 28/36 MP: 2/2
   684 | D:2      | Found a snail-covered altar of Cheibriados.
   686 | D:2      | You fall through a shaft for 2 floors!
   777 | D:2      | Found a deep blue altar of Sif Muna.
   882 | D:3      | Reached XP level 4. HP: 45/45 MP: 3/3
  1508 | D:2      | Noticed an ice beast
  1512 | D:2      | Killed an ice beast
  1512 | D:2      | Reached skill level 4 in Unarmed Combat
  1512 | D:2      | Reached XP level 5. HP: 53/53 MP: 4/4
  1600 | D:2      | Found an ancient bone altar of Kikubaaqudgha.
  2553 | D:4      | Reached XP level 6. HP: 61/61 MP: 5/5
  2792 | D:4      | Reached skill level 5 in Unarmed Combat
  3032 | D:5      | Entered Level 5 of the Dungeon
  3061 | D:5      | Reached XP level 7. HP: 66/68 MP: 6/6
  3082 | D:5      | Reached skill level 6 in Unarmed Combat
  3131 | D:5      | Gained mutation: Your mind is acute. (Int +2) [potion of
                  | mutation]
  3131 | D:5      | Gained mutation: You have sharp toenails. [potion of
                  | mutation]
  3351 | D:5      | Reached skill level 7 in Unarmed Combat
  3353 | D:5      | Reached skill level 1 in Throwing
  3439 | D:5      | Reached XP level 8. HP: 70/79 MP: 7/7
  3976 | D:6      | Reached skill level 5 in Fighting
  4025 | D:6      | Reached skill level 8 in Unarmed Combat
  4062 | D:6      | Found a staircase to the Ecumenical Temple.
  4072 | Temple   | Entered the Ecumenical Temple
  4647 | D:6      | Found a shadowy altar of Dithmenos.
  4655 | D:6      | Reached skill level 5 in Dodging
  4968 | D:7      | Found a sacrificial altar of Ru.
  5121 | D:7      | Noticed Harold
  5125 | D:7      | Found an iron altar of Okawaru.
  5157 | D:7      | Killed Harold
  5157 | D:7      | Reached skill level 9 in Unarmed Combat
  5157 | D:7      | Reached XP level 9. HP: 25/88 MP: 8/8
  5438 | D:7      | Reached skill level 10 in Unarmed Combat
  5878 | D:8      | Found Vaeck's Antique Armour Shop.
  5881 | D:8      | Noticed Erica
  5893 | D:8      | Killed Erica
  5899 | D:8      | Bought a runed cloak for 240 gold pieces
  5918 | D:8      | Noticed a manticore
  5929 | D:8      | Killed a manticore
  5929 | D:8      | Reached skill level 11 in Unarmed Combat
  5929 | D:8      | Reached XP level 10. HP: 55/98 MP: 9/9
  5991 | D:8      | Got an ancient whip
  5992 | D:8      | Identified the cursed +3 whip "Douhin" {elec, rF+ rC+ MR+
                  | Int-4} (You found it on level 8 of the Dungeon)
  6065 | D:8      | Found a staircase to the Lair.
  6156 | D:8      | Reached skill level 1 in Armour
  6289 | D:8      | Noticed Prince Ribbit
  6299 | D:8      | Killed Prince Ribbit
  6688 | Lair:1   | Entered Level 1 of the Lair of Beasts
  6688 | Lair:1   | Noticed Grum
  6793 | Lair:1   | Killed Grum
  6811 | Lair:1   | Noticed a spiny frog
  6818 | Lair:1   | Killed a spiny frog
  6873 | Lair:1   | Reached skill level 12 in Unarmed Combat
  6941 | Lair:1   | Noticed a five-headed hydra
  7217 | D:9      | Found a staircase to the Orcish Mines.
  7751 | D:9      | Reached XP level 11. HP: 106/107 MP: 10/10
  8133 | Orc:1    | Entered Level 1 of the Orcish Mines
  8133 | Orc:1    | Found Jeuled's Book Boutique.
  8154 | D:10     | Entered Level 10 of the Dungeon
  8279 | D:10     | Noticed a two-headed ogre
  8284 | D:10     | Killed a two-headed ogre
  8374 | D:10     | Reached skill level 13 in Unarmed Combat
  8492 | D:10     | Noticed a two-headed ogre
  8501 | D:10     | Killed a two-headed ogre
  8561 | D:10     | Found a snail-covered altar of Cheibriados.
  9036 | D:11     | Noticed a red ugly thing
  9045 | D:11     | Killed a red ugly thing
  9733 | D:12     | Found an iron altar of Okawaru.
  9733 | D:12     | Noticed a purple ugly thing
  9762 | D:12     | Killed a purple ugly thing
  9762 | D:12     | Reached XP level 12. HP: 99/119 MP: 11/11
  9777 | D:12     | Reached skill level 14 in Unarmed Combat
 10737 | D:13     | Noticed a centaur warrior
 10746 | D:13     | Killed a centaur warrior
 10746 | D:13     | Reached skill level 5 in Armour
 10749 | D:13     | Noticed a fire dragon
 10754 | D:13     | Noticed a centaur warrior
 10754 | D:13     | Noticed a death knight
 10760 | D:13     | Killed from afar by a fire dragon

Skill      XL: |  1  2  3  4  5  6  7  8  9 10 11 12 |
---------------+-------------------------------------+-----
Dodging        | 3 4 5 6 7 8 |  8.6
Fighting       | 3 4 5 6 8 |  8.5
Unarmed Combat | 4 5 7 9 11 12 13 14 | 14.8
Throwing       | 1 2 |  2.1
Armour         | 2 4 5 |  5.0
Maces & Flails | |  0.2
Stealth        | |  1.0

Action                   |  1- 3 |  4- 6 |  7- 9 | 10-12 || total
-------------------------+-------+-------+-------+-------++-------
Melee: Unarmed           |    44 |   128 |   194 |   658 ||  1024
       Punch             |       |     2 |     6 |    41 ||    49
       Kick              |       |       |    61 |   228 ||   289
       Whip              |       |       |       |     7 ||     7
Throw: Stone             |       |     5 |       |       ||     5
       Javelin           |       |       |     8 |     4 ||    12
  Use: Scroll            |       |     7 |     1 |    18 ||    26
       Potion            |       |     5 |     9 |     3 ||    17
 Stab: Sleeping          |     1 |     1 |     2 |     2 ||     6
  Eat: Chunk             |    13 |    20 |    25 |    46 ||   104
Armor: Robe              |    10 |    39 |    34 |       ||    83
       Fire dragon scale |       |       |     7 |   186 ||   193
       Troll leather arm |       |       |       |    51 ||    51
Dodge: Dodged            |    21 |    54 |    57 |   402 ||   534
